Chicago Black Hawks vs Vancouver Canucks

Created - Sunday, August 31, 2025 at 09:52

Goals
1 2 3 T
Chicago Black Hawks 3 0 1 4
Vancouver Canucks 2 2 1 5
Shots
1 2 3 T
Chicago Black Hawks 8 12 13 33
Vancouver Canucks 15 9 11 35

1st period

1. Chicago Black Hawks , Matthew Beniers 7 (Jonas Brodin 4) at 6:52
2. Vancouver Canucks , Sean Couturier 6 (Noah Hanifin 9) at 13:39
3. Vancouver Canucks , Sean Couturier 7 (Emil Martinsen Lilleberg 6) at 16:54
4. Chicago Black Hawks , Barrett Hayton 11 (Simon Holmstrom 11) at 17:08
5. Chicago Black Hawks , Lucas Raymond 9 (Christopher Tanev 8) at 17:32

Penalties :
Justin Faulk (CHI) for Slashing (Minor) at 9:44

2nd period

6. Vancouver Canucks , Aleksander Barkov 13 (Miro Heiskanen 10, Mikko Rantanen 15) at 9:29 (PP)
7. Vancouver Canucks , Mikko Rantanen 13 (Aleksander Barkov 9) at 17:49

Penalties :
Simon Nemec (CHI) for Cross-checking (Minor) at 5:30, Oliver Bjorkstrand (CHI) for Roughing (Minor) at 9:18, Mikko Rantanen (VAN) for Interference (Minor) at 10:55

3rd period

8. Chicago Black Hawks , Trevor Zegras 10 (Simon Holmstrom 12, Lucas Raymond 15) at 8:34
9. Vancouver Canucks , Artturi Lehkonen 5 (Sean Couturier 8) at 13:59

Penalties :
Christopher Tanev (CHI) for Slashing (Minor) at 3:21, Sean Couturier (VAN) for Holding (Minor) at 9:33, Aleksander Barkov (VAN) for Attempt to injure (Major / Game Misconduct) at 14:21

Goalie Stats

Filip Gustavsson (CHI), 30 saves from 35 shots - (0.857), L, 7-5-2, 60:00 minutes
Justus Annunen (VAN), 29 saves from 33 shots - (0.879), W, 6-3-1, 60:00 minutes

Players Stats for Chicago Black Hawks

Player Name              G  A  P  +/- PIM S  H  SB GA TA FO     MP     PP MP  PK MP  
------------------------------------------------------------------------------------
Barrett Hayton           1  0  1   1  0   3  1  0  0  1  9/28   19:40   3:46   2:50 
Bobby Brink              0  0  0   0  0   0  1  0  0  0  0/0    12:31   0:54   0:00 
Brett Howden             0  0  0  -1  0   2  2  0  0  0  0/0     7:09   0:49   0:00 
Christopher Tanev        0  1  1   1  2   1  1  1  1  2  0/0    26:12   4:22   2:18 
Cole Sillinger           0  0  0  -1  0   1  1  0  0  0  0/0     7:53   0:59   0:00 
David Jiricek            0  0  0  -1  0   0  1  1  0  1  0/0    16:18   0:51   3:37 
Jonas Brodin             0  1  1  -1  0   0  3  1  0  0  0/0    17:03   3:44   0:53 
Justin Faulk             0  0  0   1  2   0  3  1  0  3  0/0    25:19   4:24   1:45 
Leo Carlsson             0  0  0   0  0   5  1  0  0  0  4/15   20:08   4:05   2:53 
Lucas Raymond            1  1  2   0  0   4  3  0  0  0  1/2    18:07   3:55   0:18 
Matthew Beniers          1  0  1   0  0   4  1  0  0  0  4/4    12:35   0:58   0:00 
Morgan Frost             0  0  0  -1  0   1  0  0  0  0  1/2     7:06   0:00   0:36 
Noah Cates               0  0  0   0  0   2  1  0  0  0  1/1    11:37   0:00   0:00 
Noah Dobson              0  0  0   0  0   3  1  2  0  1  0/0    20:15   3:44   3:40 
Oliver Bjorkstrand       0  0  0   0  2   2  3  1  0  0  2/3    20:15   3:53   2:39 
Simon Holmstrom          0  2  2   1  0   2  0  2  1  2  0/3    19:50   3:46   3:00 
Simon Nemec              0  0  0   0  2   1  1  0  0  1  0/0    15:00   0:49   0:03 
Trevor Zegras            1  0  1   1  0   2  2  0  1  2  0/1    16:50   3:46   0:00 

Players Stats for Vancouver Canucks

Player Name              G  A  P  +/- PIM S  H  SB GA TA FO     MP     PP MP  PK MP  
------------------------------------------------------------------------------------
Aleksander Barkov        1  1  2  -1  15  3  2  0  0  0  28/38  20:09   3:09   1:44 
Anton Lundell            0  0  0  -1  0   1  0  0  0  0  2/4    14:11   0:00   4:10 
Artturi Lehkonen         1  0  1   3  0   4  0  0  0  0  0/0    19:32   2:59   3:36 
Bobby McMann             0  0  0  -1  0   0  1  0  1  0  0/0     9:55   0:00   0:00 
Brett Leason             0  0  0  -1  0   2  3  0  1  0  0/1    11:36   0:00   3:36 
Casey Mittelstadt        0  0  0  -1  0   1  1  0  1  0  1/4    12:12   2:59   1:49 
Clayton Keller           0  0  0  -1  0   6  1  1  2  1  0/1    19:00   3:09   1:13 
Emil Martinsen Lilleberg 0  1  1   1  0   0  3  1  0  0  0/0    13:46   0:00   0:44 
Jake Bean                0  0  0   1  0   1  0  0  0  0  0/0    12:37   0:00   0:44 
Jesperi Kotkaniemi       0  0  0  -1  0   1  2  0  0  0  0/2    12:02   0:02   1:39 
Joel Hanley              0  0  0   1  0   0  0  1  0  0  0/0    20:41   3:01   4:08 
Matias Maccelli          0  0  0  -1  0   0  0  0  0  0  0/0     7:21   0:00   0:00 
Mikko Rantanen           1  1  2  -1  2   7  3  0  7  0  1/1    19:04   3:09   0:00 
Miro Heiskanen           0  1  1  -2  0   4  2  1  0  1  0/0    26:51   3:07   4:05 
Noah Hanifin             0  1  1  -2  0   0  0  1  1  0  0/0    26:15   3:07   3:44 
Ryan McDonagh            0  0  0   1  0   1  0  1  0  1  0/0    19:23   3:01   4:08 
Sean Couturier           2  1  3   3  2   4  2  0  0  0  5/8    11:31   0:00   0:00 
Ty Dellandrea            0  0  0   3  0   0  1  0  0  0  0/0    14:54   2:57   0:28 

3 Stars

1 - Sean Couturier (VAN)
2 - Artturi Lehkonen (VAN)
3 - Lucas Raymond (CHI)

Power Play

Chicago Black Hawks - 0 on 3 Attempt(s) - 0.00%
Vancouver Canucks - 1 on 4 Attempt(s) - 25.00%

Penalty Kill

Chicago Black Hawks - 3 on 4 Attempt(s) - 75.00% - Score 0 goal in Penalty Kill
Vancouver Canucks - 3 on 3 Attempt(s) - 100.00% - Score 0 goal in Penalty Kill

Team Stat

Chicago Black Hawks - Hits : 26 - Faceoff Wins : 22 - Blocked Shots : 9 - Penalty Minutes : 8
Vancouver Canucks - Hits : 21 - Faceoff Wins : 37 - Blocked Shots : 6 - Penalty Minutes : 19

Official

Referees : Brandon Blandina and Kyle Rehman
Linesman : Ryan Jackson and Steve Barton

Game Notes

Aleksander Barkov (VAN) for Attempt to injure (Major / Game Misconduct) at 14:21
Aleksander Barkov ejected from game at 14:21 of 3rd period

Finance

Level 1 -- Attendance: 4779 (79.65%) -- Ticket Income $473,121
Level 2 -- Attendance: 3657 (73.14%) -- Ticket Income $215,763
Level 3 -- Attendance: 2361 (78.70%) -- Ticket Income $80,274
Level 4 -- Attendance: 4009 (80.18%) -- Ticket Income $96,216
Luxury Box -- Attendance: 803 (80.30%) -- Ticket Income $159,797
Game was played at the Rogers Arena.
Total Attendance: 15609 (78.05%)
Total Ticket Income: $1,025,171
Other Income: $358,810
Total Income: $1,383,981

Chicago Black Hawks

5 vs 5 Forward 
   Center                   Left Wing                Right Wing               Time % Phy DF OF 
 1 Leo Carlsson             Lucas Raymond            Oliver Bjorkstrand       30     1   2  2  
 2 Barrett Hayton           Simon Holmstrom          Trevor Zegras            30     1   2  2  
 3 Matthew Beniers          Noah Cates               Bobby Brink              25     1   2  2  
 4 Morgan Frost             Brett Howden             Cole Sillinger           15     1   2  2  

5 vs 5 Defense 
   Defense                  Defense                                           Time % Phy DF OF 
 1 Justin Faulk             Christopher Tanev                                 30     1   2  2  
 2 Noah Dobson              Simon Nemec                                       30     1   2  2  
 3 Jonas Brodin             David Jiricek                                     25     1   2  2  
 4 Justin Faulk             Christopher Tanev                                 15     1   2  2  

PowerPlay Forward 
   Center                   Left Wing                Right Wing               Time % Phy DF OF 
 1 Leo Carlsson             Lucas Raymond            Oliver Bjorkstrand       50     1   2  2  
 2 Barrett Hayton           Simon Holmstrom          Trevor Zegras            50     1   2  2  

PowerPlay Defense
   Defense                  Defense                                           Time % Phy DF OF 
 1 Justin Faulk             Christopher Tanev                                 50     1   2  2  
 2 Noah Dobson              Jonas Brodin                                      50     1   2  2  

Penalty Kill 4 Players Forward 
   Center                   Wing                     Time % Phy DF OF 
 1 Simon Holmstrom          Leo Carlsson             50     1   2  2  
 2 Barrett Hayton           Oliver Bjorkstrand       50     1   2  2  

Penalty Kill 4 Players Defense
   Defense                  Defense                  Time % Phy DF OF 
 1 Justin Faulk             Christopher Tanev        50     1   2  2  
 2 Noah Dobson              David Jiricek            50     1   2  2  

Penalty Kill - 3 Players Forward 
   Forward                                           Time % Phy DF OF 
 1 Oliver Bjorkstrand                                50     1   2  2  
 2 Leo Carlsson                                      50     1   2  2  

Penalty Kill - 3 Players Defense
   Defense                  Defense                  Time % Phy DF OF 
 1 Justin Faulk             Christopher Tanev        50     1   2  2  
 2 Noah Dobson              David Jiricek            50     1   2  2  

4 vs 4 Forward 
   Center                   Wing                     Time % Phy DF OF 
 1 Matthew Beniers          Leo Carlsson             50     1   2  2  
 2 Barrett Hayton           Oliver Bjorkstrand       50     1   2  2  

4 vs 4 Defense
   Defense                  Defense                  Time % Phy DF OF 
 1 Justin Faulk             Christopher Tanev        50     1   2  2  
 2 Noah Dobson              Jonas Brodin             50     1   2  2  

Last Minutes Offensive
   Center                   Left Wing                Right Wing               Defense                  Defense                  
   Leo Carlsson             Lucas Raymond            Oliver Bjorkstrand       Justin Faulk             Christopher Tanev        

Last Minutes Defensive
   Center                   Left Wing                Right Wing               Defense                  Defense                  
   Leo Carlsson             Lucas Raymond            Oliver Bjorkstrand       Justin Faulk             Christopher Tanev        

Goaltenders
Starting : Filip Gustavsson         
Backup : Adin Hill                

Extra Forwards
Normal : Cole Sillinger, Matthew Beniers, Morgan Frost - PP : Cole Sillinger, Matthew Beniers - PK : Morgan Frost
Extra Defensemen
Normal : Jonas Brodin, David Jiricek, Noah Dobson - PP : Jonas Brodin - PK : David Jiricek, Noah Dobson
Penalty Shots
Cole Sillinger, Leo Carlsson, Barrett Hayton, Oliver Bjorkstrand, Simon Holmstrom

Scratches
Joseph Veleno (Healthy), Ryan Lindgren (Healthy), Eeli Tolvanen (Healthy), Antonio Stranges (Healthy), Jesper Wallstedt (Healthy)

Vancouver Canucks

5 vs 5 Forward 
   Center                   Left Wing                Right Wing               Time % Phy DF OF 
 1 Aleksander Barkov        Clayton Keller           Mikko Rantanen           37     1   1  3  
 2 Sean Couturier           Ty Dellandrea            Artturi Lehkonen         28     1   2  2  
 3 Anton Lundell            Jesperi Kotkaniemi       Bobby McMann             21     1   2  2  
 4 Casey Mittelstadt        Brett Leason             Matias Maccelli          14     1   3  1  

5 vs 5 Defense 
   Defense                  Defense                                           Time % Phy DF OF 
 1 Noah Hanifin             Miro Heiskanen                                    30     1   2  2  
 2 Emil Martinsen Lilleberg Joel Hanley                                       30     1   2  2  
 3 Jake Bean                Ryan McDonagh                                     25     1   2  2  
 4 Noah Hanifin             Miro Heiskanen                                    15     1   2  2  

PowerPlay Forward 
   Center                   Left Wing                Right Wing               Time % Phy DF OF 
 1 Aleksander Barkov        Clayton Keller           Mikko Rantanen           50     0   1  4  
 2 Casey Mittelstadt        Ty Dellandrea            Artturi Lehkonen         50     0   1  4  

PowerPlay Defense
   Defense                  Defense                                           Time % Phy DF OF 
 1 Noah Hanifin             Miro Heiskanen                                    50     0   1  4  
 2 Ryan McDonagh            Joel Hanley                                       50     0   1  4  

Penalty Kill 4 Players Forward 
   Center                   Wing                     Time % Phy DF OF 
 1 Anton Lundell            Brett Leason             50     1   2  2  
 2 Aleksander Barkov        Artturi Lehkonen         50     1   2  2  

Penalty Kill 4 Players Defense
   Defense                  Defense                  Time % Phy DF OF 
 1 Ryan McDonagh            Joel Hanley              50     1   2  2  
 2 Noah Hanifin             Miro Heiskanen           50     1   2  2  

Penalty Kill - 3 Players Forward 
   Forward                                           Time % Phy DF OF 
 1 Anton Lundell                                     50     1   2  2  
 2 Brett Leason                                      50     1   2  2  

Penalty Kill - 3 Players Defense
   Defense                  Defense                  Time % Phy DF OF 
 1 Ryan McDonagh            Joel Hanley              50     1   2  2  
 2 Noah Hanifin             Miro Heiskanen           50     1   2  2  

4 vs 4 Forward 
   Center                   Wing                     Time % Phy DF OF 
 1 Aleksander Barkov        Mikko Rantanen           50     1   2  2  
 2 Clayton Keller           Artturi Lehkonen         50     1   2  2  

4 vs 4 Defense
   Defense                  Defense                  Time % Phy DF OF 
 1 Noah Hanifin             Miro Heiskanen           50     1   2  2  
 2 Ryan McDonagh            Joel Hanley              50     1   2  2  

Last Minutes Offensive
   Center                   Left Wing                Right Wing               Defense                  Defense                  
   Aleksander Barkov        Clayton Keller           Mikko Rantanen           Noah Hanifin             Miro Heiskanen           

Last Minutes Defensive
   Center                   Left Wing                Right Wing               Defense                  Defense                  
   Anton Lundell            Artturi Lehkonen         Brett Leason             Ryan McDonagh            Joel Hanley              

Goaltenders
Starting : Justus Annunen           
Backup : Cam Talbot               

Extra Forwards
Normal : Mikko Rantanen, Artturi Lehkonen, Clayton Keller - PP : Mikko Rantanen, Clayton Keller - PK : Anton Lundell
Extra Defensemen
Normal : Miro Heiskanen, Noah Hanifin, Ryan McDonagh - PP : Miro Heiskanen - PK : Ryan McDonagh, Joel Hanley
Penalty Shots
Aleksander Barkov, Anton Lundell, Artturi Lehkonen, Jesperi Kotkaniemi, Noah Hanifin

Scratches
Jacob Bernard-Docker (Healthy), Connor Zary (Healthy), Eemil Viro (Healthy), Jacob Bryson (Healthy)

% Time on Ice - Chicago Black Hawks

Lines # - Real PCT - Wanted PCT - Time Play
Normal Forward
1 - 30% - 30% - 13:17
2 - 30% - 30% - 13:07
3 - 26% - 25% - 11:37
4 - 14% - 15% - 6:20
Normal Defense
1 - 29% - 30% - 12:53
2 - 32% - 30% - 14:06
3 - 25% - 25% - 11:10
4 - 14% - 15% - 6:12
PP Forward
1 - 58% - 50% - 5:11
2 - 42% - 50% - 3:46
PP Defense
1 - 49% - 50% - 4:24
2 - 51% - 50% - 4:33
PK Forward
1 - 50% - 50% - 3:05
2 - 50% - 50% - 3:03
PK Defense
1 - 55% - 50% - 3:24
2 - 45% - 50% - 2:44
PK3 Forward
1 - 0% - 50%
2 - 0% - 50%
PK3 Defense
1 - 0% - 50%
2 - 0% - 50%
44 Forward
1 - 0% - 50%
2 - 0% - 50%
44 Defense
1 - 0% - 50%
2 - 0% - 50%
Last Minute Offensive  - 0:34
Last Minute Defensive  - 0:00
Total
Forward - 60:00
Defense - 60:00

% Time on Ice - Vancouver Canucks

Lines # - Real PCT - Wanted PCT - Time Play
Normal Forward
1 - 33% - 37% - 14:39
2 - 28% - 28% - 12:21
3 - 22% - 21% - 9:55
4 - 17% - 14% - 7:21
Normal Defense
1 - 30% - 30% - 13:22
2 - 32% - 30% - 14:04
3 - 27% - 25% - 11:53
4 - 11% - 15% - 4:57
PP Forward
1 - 51% - 50% - 3:09
2 - 49% - 50% - 2:59
PP Defense
1 - 51% - 50% - 3:07
2 - 49% - 50% - 3:01
PK Forward
1 - 40% - 50% - 3:36
2 - 60% - 50% - 5:21
PK Defense
1 - 46% - 50% - 4:08
2 - 54% - 50% - 4:49
PK3 Forward
1 - 0% - 50%
2 - 0% - 50%
PK3 Defense
1 - 0% - 50%
2 - 0% - 50%
44 Forward
1 - 0% - 50%
2 - 0% - 50%
44 Defense
1 - 0% - 50%
2 - 0% - 50%
Last Minute Offensive  - 0:00
Last Minute Defensive  - 0:39
Total
Forward - 60:00
Defense - 60:00

Play-by-Play

1st period


0:01 of 1st period - Oliver Bjorkstrand wins face-off versus Aleksander Barkov in neutral zone.
0:06 of 1st period - Miro Heiskanen is hit by Oliver Bjorkstrand.
0:10 of 1st period - Wrist shot by Clayton Keller.
0:10 of 1st period - Stopped by Filip Gustavsson without a rebound.
0:11 of 1st period - Sean Couturier wins face-off versus Barrett Hayton in Chicago Black Hawks zone.
0:12 of 1st period - Wrist shot by Artturi Lehkonen.
0:12 of 1st period - Deflect By Sean Couturier.
0:12 of 1st period - Shot Misses the Net.
0:12 of 1st period - Puck is out of play.
0:13 of 1st period - Barrett Hayton wins face-off versus Sean Couturier in Chicago Black Hawks zone.
0:38 of 1st period - Joel Hanley is hit by Bobby Brink and loses puck.
1:24 of 1st period - Oliver Bjorkstrand is hit by Mikko Rantanen and loses puck.
1:43 of 1st period - Snap shot by Sean Couturier.
1:43 of 1st period - Stopped by Filip Gustavsson without a rebound.
1:44 of 1st period - Matthew Beniers wins face-off versus Sean Couturier in Chicago Black Hawks zone.
1:44 of 1st period - Matthew Beniers is hit by Miro Heiskanen.
1:56 of 1st period - Wrist shot by Matthew Beniers.
1:56 of 1st period - Shot Blocked by Noah Hanifin.
2:20 of 1st period - Snap shot by Artturi Lehkonen.
2:20 of 1st period - Stopped by Filip Gustavsson without a rebound.
2:21 of 1st period - Mikko Rantanen wins face-off versus Leo Carlsson in Chicago Black Hawks zone.
2:28 of 1st period - Snap shot by Mikko Rantanen.
2:28 of 1st period - Stopped by Filip Gustavsson with a rebound.
2:57 of 1st period - Christopher Tanev is hit by Bobby McMann and loses puck.
3:42 of 1st period - Emil Martinsen Lilleberg is hit by Matthew Beniers and loses puck.
4:38 of 1st period - Morgan Frost is hit by Brett Leason and loses puck.
5:35 of 1st period - Wrist shot by Artturi Lehkonen.
5:35 of 1st period - Deflect By Trevor Zegras.
5:35 of 1st period - Stopped by Filip Gustavsson without a rebound.
5:36 of 1st period - Barrett Hayton wins face-off versus Jesperi Kotkaniemi in Chicago Black Hawks zone.
6:01 of 1st period - Clayton Keller is hit by Lucas Raymond.
6:23 of 1st period - Snap shot by Artturi Lehkonen.
6:23 of 1st period - Shot Misses the Net.
6:25 of 1st period - Wrist shot by Ryan McDonagh.
6:25 of 1st period - Shot Blocked by Jonas Brodin.
6:50 of 1st period - Wrist shot by Matthew Beniers.
6:50 of 1st period - Stopped by Justus Annunen with a rebound.
6:52 of 1st period - Snap shot by Matthew Beniers.
6:52 of 1st period - Goal by Matthew Beniers - Chicago Black Hawks : 1 - Vancouver Canucks : 0.
6:53 of 1st period - Aleksander Barkov wins face-off versus Leo Carlsson in neutral zone.
7:05 of 1st period - Slapshot by Mikko Rantanen.
7:05 of 1st period - Deflect By Clayton Keller.
7:05 of 1st period - Stopped by Filip Gustavsson with a rebound.
7:07 of 1st period - Snap shot by Miro Heiskanen.
7:07 of 1st period - Stopped by Filip Gustavsson with a rebound.
7:24 of 1st period - Snap shot by Jesperi Kotkaniemi.
7:24 of 1st period - Stopped by Filip Gustavsson without a rebound.
7:25 of 1st period - Aleksander Barkov wins face-off versus Barrett Hayton in Chicago Black Hawks zone.
8:15 of 1st period - Snap shot by Artturi Lehkonen.
8:15 of 1st period - Shot Misses the Net.
8:17 of 1st period - Snap shot by Sean Couturier.
8:17 of 1st period - Shot Misses the Net.
8:31 of 1st period - Joel Hanley is hit by Brett Howden and loses puck.
9:03 of 1st period - Slapshot by Clayton Keller.
9:03 of 1st period - Deflect By Mikko Rantanen.
9:03 of 1st period - Stopped by Filip Gustavsson with a rebound.
9:05 of 1st period - Wrist shot by Aleksander Barkov.
9:05 of 1st period - Shot Misses the Net.
9:23 of 1st period - Backhand shot by Leo Carlsson.
9:23 of 1st period - Shot Misses the Net.
9:44 of 1st period - Minor Penalty to Justin Faulk for Slashing.
9:45 of 1st period - Aleksander Barkov wins face-off versus Simon Holmstrom in Chicago Black Hawks zone.
11:44 of 1st period - Penalty to Justin Faulk is over, Justin Faulk is back on ice.
11:50 of 1st period - Simon Nemec is hit by Jesperi Kotkaniemi and loses puck.
12:25 of 1st period - Noah Hanifin is hit by Jonas Brodin and loses puck.
13:14 of 1st period - Snap shot by Noah Cates.
13:14 of 1st period - Stopped by Justus Annunen with a rebound.
13:17 of 1st period - Icing by Emil Martinsen Lilleberg.
13:18 of 1st period - Aleksander Barkov wins face-off versus Morgan Frost in Vancouver Canucks zone.
13:39 of 1st period - Slapshot by Sean Couturier.
13:39 of 1st period - Goal by Sean Couturier - Chicago Black Hawks : 1 - Vancouver Canucks : 1.
13:40 of 1st period - Aleksander Barkov wins face-off versus Lucas Raymond in neutral zone.
14:05 of 1st period - Simon Holmstrom is hit by Sean Couturier.
15:11 of 1st period - Jake Bean is hit by Oliver Bjorkstrand.
15:31 of 1st period - Wrist shot by Sean Couturier.
15:31 of 1st period - Stopped by Filip Gustavsson without a rebound.
15:32 of 1st period - Sean Couturier wins face-off versus Barrett Hayton in Chicago Black Hawks zone.
15:37 of 1st period - Snap shot by Artturi Lehkonen.
15:37 of 1st period - Shot Misses the Net.
15:39 of 1st period - Wrist shot by Artturi Lehkonen.
15:39 of 1st period - Shot Misses the Net.
15:43 of 1st period - Wrist shot by Artturi Lehkonen.
15:43 of 1st period - Stopped by Filip Gustavsson without a rebound.
15:44 of 1st period - Leo Carlsson wins face-off versus Aleksander Barkov in Chicago Black Hawks zone.
15:51 of 1st period - Snap shot by Mikko Rantanen.
15:51 of 1st period - Shot Misses the Net.
16:11 of 1st period - Artturi Lehkonen is hit by Trevor Zegras and loses puck.
16:34 of 1st period - Artturi Lehkonen is hit by Noah Dobson and loses puck.
16:52 of 1st period - Snap shot by Sean Couturier.
16:52 of 1st period - Shot Blocked by Noah Dobson.
16:54 of 1st period - Snap shot by Sean Couturier.
16:54 of 1st period - Goal by Sean Couturier - Chicago Black Hawks : 1 - Vancouver Canucks : 2.
16:55 of 1st period - Aleksander Barkov wins face-off versus Barrett Hayton in neutral zone.
17:08 of 1st period - Snap shot by Barrett Hayton.
17:08 of 1st period - Goal by Barrett Hayton - Chicago Black Hawks : 2 - Vancouver Canucks : 2.
17:09 of 1st period - Leo Carlsson wins face-off versus Aleksander Barkov in neutral zone.
17:14 of 1st period - Wrist shot by Lucas Raymond.
17:14 of 1st period - Shot Misses the Net.
17:16 of 1st period - Slapshot by Oliver Bjorkstrand.
17:16 of 1st period - Shot Misses the Net.
17:18 of 1st period - Snap shot by Lucas Raymond.
17:18 of 1st period - Shot Misses the Net.
17:20 of 1st period - Backhand shot by Oliver Bjorkstrand.
17:20 of 1st period - Stopped by Justus Annunen without a rebound.
17:21 of 1st period - Leo Carlsson wins face-off versus Aleksander Barkov in Vancouver Canucks zone.
17:32 of 1st period - Wrist shot by Lucas Raymond.
17:32 of 1st period - Goal by Lucas Raymond - Chicago Black Hawks : 3 - Vancouver Canucks : 2.
17:33 of 1st period - Aleksander Barkov wins face-off versus Barrett Hayton in neutral zone.
18:00 of 1st period - Miro Heiskanen is hit by Leo Carlsson and loses puck.
18:07 of 1st period - Wrist shot by Lucas Raymond.
18:07 of 1st period - Stopped by Justus Annunen with a rebound.
18:21 of 1st period - Bobby Brink is hit by Ty Dellandrea and loses puck.
18:36 of 1st period - Sean Couturier is hit by David Jiricek.
18:46 of 1st period - Casey Mittelstadt is hit by Trevor Zegras and loses puck.
19:28 of 1st period - Ryan McDonagh is hit by Christopher Tanev and loses puck.
19:39 of 1st period - Wrist shot by Bobby McMann.
19:39 of 1st period - Shot Blocked by Justin Faulk.
19:41 of 1st period - Slapshot by Jake Bean.
19:41 of 1st period - Stopped by Filip Gustavsson with a rebound.
19:43 of 1st period - Snap shot by Ryan McDonagh.
19:43 of 1st period - Deflect By Morgan Frost.
19:43 of 1st period - Stopped by Filip Gustavsson without a rebound.
19:44 of 1st period - Barrett Hayton wins face-off versus Sean Couturier in Chicago Black Hawks zone.
19:59 of 1st period - Wrist shot by Barrett Hayton.
19:59 of 1st period - Stopped by Justus Annunen with a rebound.
Goals for this period are 3 for Chicago Black Hawks vs 2 for Vancouver Canucks.
Shots for this period are 8 for Chicago Black Hawks vs 15 for Vancouver Canucks.

2nd period


0:01 of 2nd period - Leo Carlsson wins face-off versus Clayton Keller in neutral zone.
0:12 of 2nd period - Oliver Bjorkstrand is hit by Aleksander Barkov and loses puck.
0:27 of 2nd period - Jesperi Kotkaniemi is hit by Justin Faulk and loses puck.
0:36 of 2nd period - Simon Holmstrom is hit by Jesperi Kotkaniemi and loses puck.
0:55 of 2nd period - Backhand shot by Matthew Beniers.
0:55 of 2nd period - Stopped by Justus Annunen with a rebound.
1:07 of 2nd period - Snap shot by Cole Sillinger.
1:07 of 2nd period - Stopped by Justus Annunen with a rebound.
1:09 of 2nd period - Slapshot by Justin Faulk.
1:09 of 2nd period - Shot Misses the Net.
1:11 of 2nd period - Snap shot by Brett Howden.
1:11 of 2nd period - Shot Misses the Net.
1:13 of 2nd period - Snap shot by Justin Faulk.
1:13 of 2nd period - Shot Blocked by Joel Hanley.
1:15 of 2nd period - Slapshot by Cole Sillinger.
1:15 of 2nd period - Shot Misses the Net.
1:17 of 2nd period - Slapshot by Brett Howden.
1:17 of 2nd period - Stopped by Justus Annunen without a rebound.
1:18 of 2nd period - Aleksander Barkov wins face-off versus Leo Carlsson in Vancouver Canucks zone.
1:44 of 2nd period - Anton Lundell is hit by Noah Cates and loses puck.
1:51 of 2nd period - Snap shot by Bobby Brink.
1:51 of 2nd period - Shot Misses the Net.
1:53 of 2nd period - Snap shot by Noah Cates.
1:53 of 2nd period - Shot Misses the Net.
2:18 of 2nd period - Snap shot by Simon Holmstrom.
2:18 of 2nd period - Stopped by Justus Annunen without a rebound.
2:19 of 2nd period - Aleksander Barkov wins face-off versus Leo Carlsson in Vancouver Canucks zone.
2:38 of 2nd period - Joel Hanley is hit by Jonas Brodin and loses puck.
3:56 of 2nd period - Wrist shot by Lucas Raymond.
3:56 of 2nd period - Shot Blocked by Miro Heiskanen.
4:18 of 2nd period - Justin Faulk is hit by Mikko Rantanen and loses puck.
4:39 of 2nd period - Lucas Raymond is hit by Emil Martinsen Lilleberg and loses puck.
5:23 of 2nd period - Slapshot by Casey Mittelstadt.
5:23 of 2nd period - Shot Misses the Net.
5:25 of 2nd period - Slapshot by Jake Bean.
5:25 of 2nd period - Shot Blocked by Noah Dobson.
5:27 of 2nd period - Slapshot by Casey Mittelstadt.
5:27 of 2nd period - Stopped by Filip Gustavsson without a rebound.
5:28 of 2nd period - Matthew Beniers wins face-off versus Casey Mittelstadt in Chicago Black Hawks zone.
5:30 of 2nd period - Minor Penalty to Simon Nemec for Cross-checking.
5:31 of 2nd period - Casey Mittelstadt wins face-off versus Barrett Hayton in Chicago Black Hawks zone.
7:30 of 2nd period - Penalty to Simon Nemec is over, Simon Nemec is back on ice.
8:12 of 2nd period - Snap shot by Anton Lundell.
8:12 of 2nd period - Shot Misses the Net.
8:20 of 2nd period - Slapshot by Noah Dobson.
8:20 of 2nd period - Shot Misses the Net.
8:22 of 2nd period - Backhand shot by Noah Cates.
8:22 of 2nd period - Stopped by Justus Annunen without a rebound.
8:23 of 2nd period - Aleksander Barkov wins face-off versus Barrett Hayton in Vancouver Canucks zone.
8:28 of 2nd period - Wrist shot by Barrett Hayton.
8:28 of 2nd period - Shot Misses the Net.
8:30 of 2nd period - Snap shot by Trevor Zegras.
8:30 of 2nd period - Deflect By Barrett Hayton.
8:30 of 2nd period - Shot Misses the Net.
8:30 of 2nd period - Puck is out of play.
8:31 of 2nd period - Aleksander Barkov wins face-off versus Barrett Hayton in Vancouver Canucks zone.
8:42 of 2nd period - Slapshot by Simon Holmstrom.
8:42 of 2nd period - Shot Misses the Net.
9:01 of 2nd period - Snap shot by Simon Holmstrom.
9:01 of 2nd period - Stopped by Justus Annunen without a rebound.
9:02 of 2nd period - Sean Couturier wins face-off versus Leo Carlsson in Vancouver Canucks zone.
9:18 of 2nd period - Minor Penalty to Oliver Bjorkstrand for Roughing.
9:19 of 2nd period - Aleksander Barkov wins face-off versus Simon Holmstrom in Chicago Black Hawks zone.
9:25 of 2nd period - Snap shot by Mikko Rantanen.
9:25 of 2nd period - Stopped by Filip Gustavsson with a rebound.
9:27 of 2nd period - Wrist shot by Miro Heiskanen.
9:27 of 2nd period - Stopped by Filip Gustavsson with a rebound.
9:29 of 2nd period - Wrist shot by Aleksander Barkov.
9:29 of 2nd period - Goal by Aleksander Barkov - Chicago Black Hawks : 3 - Vancouver Canucks : 3.
9:30 of 2nd period - Aleksander Barkov wins face-off versus Barrett Hayton in neutral zone.
9:32 of 2nd period - Off-side.
9:33 of 2nd period - Aleksander Barkov wins face-off versus Barrett Hayton in neutral zone.
9:39 of 2nd period - Noah Hanifin is hit by Justin Faulk and loses puck.
10:08 of 2nd period - Wrist shot by Bobby Brink.
10:08 of 2nd period - Shot Misses the Net.
10:24 of 2nd period - Slapshot by Lucas Raymond.
10:24 of 2nd period - Stopped by Justus Annunen without a rebound.
10:25 of 2nd period - Lucas Raymond wins face-off versus Brett Leason in Vancouver Canucks zone.
10:46 of 2nd period - Wrist shot by Lucas Raymond.
10:46 of 2nd period - Shot Misses the Net.
10:48 of 2nd period - Snap shot by Lucas Raymond.
10:48 of 2nd period - Stopped by Justus Annunen with a rebound.
10:50 of 2nd period - Snap shot by Lucas Raymond.
10:50 of 2nd period - Shot Misses the Net.
10:52 of 2nd period - Snap shot by Leo Carlsson.
10:52 of 2nd period - Stopped by Justus Annunen without a rebound.
10:53 of 2nd period - Aleksander Barkov wins face-off versus Barrett Hayton in Vancouver Canucks zone.
10:55 of 2nd period - Minor Penalty to Mikko Rantanen for Interference.
10:56 of 2nd period - Anton Lundell wins face-off versus Oliver Bjorkstrand in Vancouver Canucks zone.
11:04 of 2nd period - Slapshot by Leo Carlsson.
11:04 of 2nd period - Stopped by Justus Annunen without a rebound.
11:05 of 2nd period - Aleksander Barkov wins face-off versus Leo Carlsson in Vancouver Canucks zone.
11:27 of 2nd period - Backhand shot by Leo Carlsson.
11:27 of 2nd period - Shot Misses the Net.
11:54 of 2nd period - Off-side.
11:55 of 2nd period - Anton Lundell wins face-off versus Barrett Hayton in neutral zone.
12:55 of 2nd period - Penalty to Mikko Rantanen is over, Mikko Rantanen is back on ice.
13:18 of 2nd period - Snap shot by Morgan Frost.
13:18 of 2nd period - Stopped by Justus Annunen with a rebound.
13:32 of 2nd period - Slapshot by Mikko Rantanen.
13:32 of 2nd period - Stopped by Filip Gustavsson without a rebound.
13:33 of 2nd period - Noah Cates wins face-off versus Anton Lundell in Chicago Black Hawks zone.
13:49 of 2nd period - Wrist shot by Bobby Brink.
13:49 of 2nd period - Shot Misses the Net.
14:10 of 2nd period - Snap shot by Anton Lundell.
14:10 of 2nd period - Stopped by Filip Gustavsson with a rebound.
14:34 of 2nd period - Wrist shot by Morgan Frost.
14:34 of 2nd period - Shot Misses the Net.
15:09 of 2nd period - Snap shot by Mikko Rantanen.
15:09 of 2nd period - Stopped by Filip Gustavsson without a rebound.
15:10 of 2nd period - Barrett Hayton wins face-off versus Aleksander Barkov in Chicago Black Hawks zone.
15:12 of 2nd period - Icing by Simon Holmstrom.
15:13 of 2nd period - Aleksander Barkov wins face-off versus Barrett Hayton in Chicago Black Hawks zone.
16:02 of 2nd period - Snap shot by Matthew Beniers.
16:02 of 2nd period - Stopped by Justus Annunen without a rebound.
16:03 of 2nd period - Matthew Beniers wins face-off versus Casey Mittelstadt in Vancouver Canucks zone.
16:14 of 2nd period - Snap shot by Matthew Beniers.
16:14 of 2nd period - Deflect By Noah Cates.
16:14 of 2nd period - Deflect By Matias Maccelli.
16:14 of 2nd period - Shot Misses the Net.
16:14 of 2nd period - Puck is out of play.
16:15 of 2nd period - Barrett Hayton wins face-off versus Aleksander Barkov in Vancouver Canucks zone.
16:16 of 2nd period - Backhand shot by Simon Holmstrom.
16:16 of 2nd period - Deflect By Barrett Hayton.
16:16 of 2nd period - Shot Misses the Net.
16:16 of 2nd period - Puck is out of play.
16:17 of 2nd period - Aleksander Barkov wins face-off versus Trevor Zegras in Vancouver Canucks zone.
16:32 of 2nd period - Slapshot by Miro Heiskanen.
16:32 of 2nd period - Stopped by Filip Gustavsson with a rebound.
17:49 of 2nd period - Snap shot by Mikko Rantanen.
17:49 of 2nd period - Goal by Mikko Rantanen - Chicago Black Hawks : 3 - Vancouver Canucks : 4.
17:50 of 2nd period - Aleksander Barkov wins face-off versus Simon Holmstrom in neutral zone.
18:17 of 2nd period - Trevor Zegras is hit by Miro Heiskanen and loses puck.
18:24 of 2nd period - Wrist shot by Jesperi Kotkaniemi.
18:24 of 2nd period - Shot Blocked by Simon Holmstrom.
18:52 of 2nd period - Barrett Hayton is hit by Brett Leason and loses puck.
19:39 of 2nd period - Snap shot by Simon Holmstrom.
19:39 of 2nd period - Shot Misses the Net.
Goals for this period are 0 for Chicago Black Hawks vs 2 for Vancouver Canucks.
Shots for this period are 12 for Chicago Black Hawks vs 9 for Vancouver Canucks.

3rd period


0:01 of 3rd period - Aleksander Barkov wins face-off versus Leo Carlsson in neutral zone.
0:16 of 3rd period - Backhand shot by Aleksander Barkov.
0:16 of 3rd period - Stopped by Filip Gustavsson with a rebound.
0:55 of 3rd period - Wrist shot by Barrett Hayton.
0:55 of 3rd period - Stopped by Justus Annunen with a rebound.
1:01 of 3rd period - Trevor Zegras is hit by Emil Martinsen Lilleberg.
1:12 of 3rd period - Snap shot by Brett Leason.
1:12 of 3rd period - Shot Misses the Net.
1:14 of 3rd period - Slapshot by Brett Leason.
1:14 of 3rd period - Shot Misses the Net.
1:22 of 3rd period - Wrist shot by Matias Maccelli.
1:22 of 3rd period - Shot Blocked by Christopher Tanev.
1:24 of 3rd period - Wrist shot by Brett Leason.
1:24 of 3rd period - Stopped by Filip Gustavsson without a rebound.
1:25 of 3rd period - Aleksander Barkov wins face-off versus Leo Carlsson in Chicago Black Hawks zone.
1:32 of 3rd period - Backhand shot by Mikko Rantanen.
1:32 of 3rd period - Stopped by Filip Gustavsson with a rebound.
1:34 of 3rd period - Wrist shot by Miro Heiskanen.
1:34 of 3rd period - Stopped by Filip Gustavsson without a rebound.
1:35 of 3rd period - Oliver Bjorkstrand wins face-off versus Aleksander Barkov in Chicago Black Hawks zone.
1:49 of 3rd period - Snap shot by Clayton Keller.
1:49 of 3rd period - Stopped by Filip Gustavsson without a rebound.
1:50 of 3rd period - Morgan Frost wins face-off versus Aleksander Barkov in Chicago Black Hawks zone.
2:05 of 3rd period - Slapshot by Brett Howden.
2:05 of 3rd period - Stopped by Justus Annunen without a rebound.
2:06 of 3rd period - Sean Couturier wins face-off versus Leo Carlsson in Vancouver Canucks zone.
2:06 of 3rd period - Sean Couturier is hit by Justin Faulk.
2:18 of 3rd period - Snap shot by Sean Couturier.
2:18 of 3rd period - Shot Blocked by Oliver Bjorkstrand.
2:42 of 3rd period - Wrist shot by Morgan Frost.
2:42 of 3rd period - Shot Misses the Net.
2:44 of 3rd period - Slapshot by Christopher Tanev.
2:44 of 3rd period - Stopped by Justus Annunen without a rebound.
2:45 of 3rd period - Matthew Beniers wins face-off versus Aleksander Barkov in Vancouver Canucks zone.
2:50 of 3rd period - Snap shot by Matthew Beniers.
2:50 of 3rd period - Shot Blocked by Ryan McDonagh.
2:58 of 3rd period - Snap shot by Aleksander Barkov.
2:58 of 3rd period - Stopped by Filip Gustavsson without a rebound.
2:59 of 3rd period - Aleksander Barkov wins face-off versus Leo Carlsson in Chicago Black Hawks zone.
3:10 of 3rd period - Snap shot by Clayton Keller.
3:10 of 3rd period - Stopped by Filip Gustavsson with a rebound.
3:12 of 3rd period - Slapshot by Clayton Keller.
3:12 of 3rd period - Stopped by Filip Gustavsson without a rebound.
3:13 of 3rd period - Aleksander Barkov wins face-off versus Barrett Hayton in Chicago Black Hawks zone.
3:21 of 3rd period - Minor Penalty to Christopher Tanev for Slashing.
3:22 of 3rd period - Barrett Hayton wins face-off versus Casey Mittelstadt in Chicago Black Hawks zone.
3:54 of 3rd period - Wrist shot by Mikko Rantanen.
3:54 of 3rd period - Shot Misses the Net.
3:56 of 3rd period - Snap shot by Miro Heiskanen.
3:56 of 3rd period - Shot Blocked by Simon Holmstrom.
3:58 of 3rd period - Slapshot by Aleksander Barkov.
3:58 of 3rd period - Shot Blocked by David Jiricek.
4:08 of 3rd period - Slapshot by Leo Carlsson.
4:08 of 3rd period - Stopped by Justus Annunen with a rebound.
4:24 of 3rd period - Simon Holmstrom is hit by Mikko Rantanen and loses puck.
5:21 of 3rd period - Penalty to Christopher Tanev is over, Christopher Tanev is back on ice.
6:24 of 3rd period - Bobby McMann is hit by Cole Sillinger and loses puck.
6:29 of 3rd period - Snap shot by Morgan Frost.
6:29 of 3rd period - Shot Misses the Net.
6:31 of 3rd period - Wrist shot by Cole Sillinger.
6:31 of 3rd period - Shot Blocked by Emil Martinsen Lilleberg.
6:41 of 3rd period - Emil Martinsen Lilleberg is hit by Oliver Bjorkstrand and loses puck.
6:48 of 3rd period - Snap shot by Leo Carlsson.
6:48 of 3rd period - Stopped by Justus Annunen without a rebound.
6:49 of 3rd period - Aleksander Barkov wins face-off versus Barrett Hayton in Vancouver Canucks zone.
6:54 of 3rd period - Wrist shot by Clayton Keller.
6:54 of 3rd period - Stopped by Filip Gustavsson without a rebound.
6:55 of 3rd period - Barrett Hayton wins face-off versus Aleksander Barkov in Chicago Black Hawks zone.
7:44 of 3rd period - Lucas Raymond is hit by Emil Martinsen Lilleberg.
8:05 of 3rd period - Lucas Raymond is hit by Brett Leason and loses puck.
8:34 of 3rd period - Wrist shot by Trevor Zegras.
8:34 of 3rd period - Goal by Trevor Zegras - Chicago Black Hawks : 4 - Vancouver Canucks : 4.
8:35 of 3rd period - Aleksander Barkov wins face-off versus Barrett Hayton in neutral zone.
8:38 of 3rd period - Noah Dobson is hit by Clayton Keller.
8:42 of 3rd period - Slapshot by Trevor Zegras.
8:42 of 3rd period - Stopped by Justus Annunen with a rebound.
8:44 of 3rd period - Slapshot by Simon Nemec.
8:44 of 3rd period - Shot Misses the Net.
8:46 of 3rd period - Slapshot by Simon Nemec.
8:46 of 3rd period - Stopped by Justus Annunen without a rebound.
8:47 of 3rd period - Aleksander Barkov wins face-off versus Leo Carlsson in Vancouver Canucks zone.
8:54 of 3rd period - Snap shot by Clayton Keller.
8:54 of 3rd period - Shot Misses the Net.
9:10 of 3rd period - Clayton Keller is hit by Lucas Raymond and loses puck.
9:19 of 3rd period - Snap shot by Lucas Raymond.
9:19 of 3rd period - Deflect By Oliver Bjorkstrand.
9:19 of 3rd period - Stopped by Justus Annunen with a rebound.
9:21 of 3rd period - Wrist shot by Leo Carlsson.
9:21 of 3rd period - Stopped by Justus Annunen with a rebound.
9:23 of 3rd period - Backhand shot by Noah Dobson.
9:23 of 3rd period - Stopped by Justus Annunen with a rebound.
9:25 of 3rd period - Snap shot by Oliver Bjorkstrand.
9:25 of 3rd period - Shot Misses the Net.
9:27 of 3rd period - Slapshot by Noah Dobson.
9:27 of 3rd period - Stopped by Justus Annunen with a rebound.
9:29 of 3rd period - Slapshot by Noah Dobson.
9:29 of 3rd period - Stopped by Justus Annunen without a rebound.
9:30 of 3rd period - Sean Couturier wins face-off versus Barrett Hayton in Vancouver Canucks zone.
9:30 of 3rd period - Sean Couturier is hit by Barrett Hayton.
9:33 of 3rd period - Minor Penalty to Sean Couturier for Holding.
9:34 of 3rd period - Aleksander Barkov wins face-off versus Barrett Hayton in Vancouver Canucks zone.
10:00 of 3rd period - Noah Hanifin is hit by Jonas Brodin.
11:33 of 3rd period - Penalty to Sean Couturier is over, Sean Couturier is back on ice.
12:02 of 3rd period - Brett Howden is hit by Sean Couturier and loses puck.
12:55 of 3rd period - Wrist shot by Brett Leason.
12:55 of 3rd period - Stopped by Filip Gustavsson with a rebound.
13:17 of 3rd period - Noah Hanifin is hit by Brett Howden and loses puck.
13:44 of 3rd period - Bobby Brink is hit by Aleksander Barkov and loses puck.
13:59 of 3rd period - Snap shot by Sean Couturier.
13:59 of 3rd period - Deflect By Artturi Lehkonen.
13:59 of 3rd period - Goal by Artturi Lehkonen - Chicago Black Hawks : 4 - Vancouver Canucks : 5.
14:00 of 3rd period - Aleksander Barkov wins face-off versus Barrett Hayton in neutral zone.
14:21 of 3rd period - Major / Game Misconduct Penalty to Aleksander Barkov for Attempt to injure.
14:21 of 3rd period - Aleksander Barkov is ejected from game.
14:22 of 3rd period - Barrett Hayton wins face-off versus Anton Lundell in Vancouver Canucks zone.
14:55 of 3rd period - Brett Leason is hit by Lucas Raymond and loses puck.
15:38 of 3rd period - Lucas Raymond is hit by Casey Mittelstadt and loses puck.
17:24 of 3rd period - Snap shot by Cole Sillinger.
17:24 of 3rd period - Shot Blocked by Clayton Keller.
18:06 of 3rd period - Brett Leason is hit by Simon Nemec.
19:06 of 3rd period - Icing by Simon Holmstrom.
19:07 of 3rd period - Barrett Hayton wins face-off versus Jesperi Kotkaniemi in Chicago Black Hawks zone.
19:21 of 3rd period - Penalty to Aleksander Barkov is over, Clayton Keller is send on ice.
Goals for this period are 1 for Chicago Black Hawks vs 1 for Vancouver Canucks.
Shots for this period are 13 for Chicago Black Hawks vs 11 for Vancouver Canucks.